 Dungeon Crawl Stone Soup version 0.30.1 (webtiles) character file.

Game seed: 1930326766079773060

1603 boopmooplesden the Twirler (level 8, -3/50 (61) HPs)
             Began as a Demonspawn Gladiator on July 10, 2023.
             Was a Follower of Okawaru.
             Slain by a wight
             ... wielding a +2 long sword of freezing
              (4 damage)
             ... on level 6 of the Dungeon.
             The game lasted 00:07:23 (5072 turns).

boopmooplesden the Twirler (Demonspawn Gladiator)   Turns: 5072, Time: 00:07:23

HP:   -3/50 (61)    AC: 18    Str: 18    XL:     8   Next: 63%
MP:   7/8           EV: 11    Int:  9    God:    Okawaru [*.....]
Gold: 244           SH:  4    Dex: 14    Spells: 7/7 levels left

rFire   . . .        a - +1 quarterstaff
rCold   . . .        (shield currently unavailable)
rNeg    . . .        g - +1 chain mail
rPois   .            (helmet restricted)
rElec   .            E - +0 cloak
rCorr   .            K - +0 pair of gloves
SInv    .            I - +0 pair of boots
Will    .....        (no amulet) Stlth
                     (no ring)
HPRegen 0.28/turn    (no ring)
MPRegen 0.11/turn

%: no passive effects
@: heroic, heavily drained
A: horns 1, icy blue scales 1, condensation shield, demonic magic 1
a: Renounce Religion, Heroism


You were on level 6 of the Dungeon.
You worshipped Okawaru.
Okawaru was aware of your devotion.
You visited 2 branches of the dungeon, and saw 7 of its levels.
You also visited: Sewer.

You collected 244 gold pieces.

Inventory:

Hand Weapons
 a - a +1 quarterstaff (weapon)
 G - a +4 quarterstaff of chaos
Missiles
 d - 3 throwing nets (quivered)
 e - a javelin
Armour
 b - a +0 leather armour
 c - a +0 helmet
 g - a +1 chain mail (worn)
 E - a +0 cloak (worn)
 H - a +0 cloak
 I - a +0 pair of boots (worn)
 K - a +0 pair of gloves (worn)
Jewellery
 M - an amulet of faith
Wands
 j - a wand of mindburst (7)
 w - a wand of polymorph (1)
Scrolls
 p - a scroll of blinking
 B - 2 scrolls of vulnerability
Potions
 f - 2 potions of curing
 h - 3 potions of haste {unknown}
 i - a potion of cancellation {unknown}
 k - 4 potions of attraction
 m - a potion of might {unknown}
 n - 2 potions of lignification
 o - a potion of heal wounds {unknown}
 q - a potion of berserk rage {unknown}
 r - 3 potions of mutation
 u - a potion of brilliance {unknown}
 z - 2 potions of invisibility
 A - a potion of magic {unknown}
 C - a potion of flight {unknown}
 F - a potion of ambrosia {unknown}
 J - 2 potions of degeneration {unknown}


   Skills:
 + Level 4.5(9.5) Fighting
 + Level 6.9(11.9) Staves
 + Level 2.1(7.1) Throwing
 + Level 5.0(10.0) Armour
 + Level 4.1(9.1) Dodging
 + Level 0.4(5.4) Stealth
 + Level 2.0(7.0) Shields
 + Level 0.3 Invocations


You had 7 spell levels left.
You didn't know any spells.
Your spell library contained the following spells:

 Spells                   Type           Power      Damage    Failure   Level
 Magic Dart               Conj           0%         1d3       95%         1
 Cigotuvi's Dreadful Rot  Necr/Pois/Air  0%         N/A       99%         2
 Mephitic Cloud           Conj/Pois/Air  0%         N/A       100%        3
 Arcjolt                  Conj/Air       0%         1d10      100%        5
 Polar Vortex             Ice            0%         N/A       100%        9
 Call Imp                 Summ           Unusable   N/A       N/A         2
 Summon Lightning Spire   Summ/Air       Unusable   N/A       N/A         4

Dungeon Overview and Level Annotations

Branches:
Dungeon (6/15)             Temple (1/1) D:4           Sewer (visited)

Altars:
Ashenzari
Cheibriados
Dithmenos
Fedhas
Gozag
Hepliaklqana
Kikubaaqudgha
Makhleb
Nemelex Xobeh
Okawaru
Qazlal
Ru
Sif Muna
Trog
Uskayaw
Vehumet
Wu Jian
Yredelemnul

Shops:
D:5 *

Portals:
Ossuary: D:6

Annotations:
D:4 1 runed translucent door, Fodor's ghost, amateur MiFi


Innate Abilities, Weirdness & Mutations

You have a pair of small horns on your head.
You are partially covered in icy blue scales. (AC +2)
A meltable shield of frost defends you. (SH +4)
Spells you cast may paralyse adjacent enemies.


Message History

a +0 flail; a +0 robe You gain the combat prowess of a mighty hero.
You hit the wight but do no damage. Your headbutt misses the wight.
The wight barely misses you.
You hit the wight.
The wight is moderately damaged.
You hit the wight but do no damage.
The wight is moderately damaged.
You block the wight's attack.
You barely miss the wight. You headbutt the wight.
The wight is moderately damaged.
The wight hits you with a +2 long sword of freezing.
You feel drained. The wight freezes you.
You hit the wight.
You headbutt the wight, but do no damage.
The wight is heavily damaged.
You hit the wight.
The wight is severely damaged.
The wight hits you but does no damage.
You barely miss the wight.
The wight is severely damaged.
You block the wight's attack.
You barely miss the wight.
The wight is severely damaged.
The wight hits you with a +2 long sword of freezing!
* * * LOW HITPOINT WARNING * * *
You feel drained. The wight freezes you.
* * * LOW HITPOINT WARNING * * *
You barely miss the wight.
The wight is severely damaged.
You hit the wight.
The wight is almost destroyed.
The wight hits you with a +2 long sword of freezing!
* * * LOW HITPOINT WARNING * * *
The wight freezes you.
* * * LOW HITPOINT WARNING * * *
You closely miss the wight.
The wight is almost destroyed.
The wight hits you with a +2 long sword of freezing.
You die...

.####z#..##...........#
##..###
.####.#.##..###########
#...... ......###z)##
##..###
.###..##....#########
######..#
......#...#.........
........#
###...........##..#
#######.#
#.###..####.##..# #.#
#......#
#)##..##########.#
########
#.z@...........#.###
####...#######.#....
#.#.# #...... #.#.#
#..#### #.#.# #..#
#.#.# #..# #.#.# #..#
#.#.# #..# #..#


You could see a wight.

Vanquished Creatures
  Sigmund (D:2)
  3 water moccasins (D:5)
  An ice beast (D:5)
  A black bear (D:4)
  A phantom (D:5)
  2 kobold brigands (Sewer)
  A scorpion (D:4)
  2 wights (D:6)
  4 hounds
  An orc priest (D:5)
  Terence (D:2)
  Crazy Yiuf (D:3)
  Jessica (D:2)
  Ijyb (D:3)
  3 iguanas (D:5)
  An orc wizard (D:5)
  7 adders
  4 river rats
  2 ufetubi (D:5)
  A worm (D:2)
  2 dart slugs
  9 orcs
  6 endoplasms
  6 giant cockroaches
  9 goblins
  9 hobgoblins
  3 jackals (D:2)
  A quokka (D:3)
  13 ball pythons
  2 bats
  4 frilled lizards
  9 kobolds
  12 rats
124 creatures vanquished.

Notes
Turn   | Place    | Note
-------+----------+-------------------------------------------
     0 | D:1      | boopmooplesden the Demonspawn Gladiator began the quest for
                  | the Orb.
     0 | D:1      | Reached XP level 1. HP: 16/16 MP: 1/1
    17 | D:1      | You fall into a shaft and drop 1 floor!
   104 | D:2      | Gained mutation: You have a pair of small horns on your
                  | head. [demonic ancestry]
   104 | D:2      | Reached XP level 2. HP: 22/22 MP: 2/2
   136 | D:2      | Noticed Jessica
   142 | D:2      | Reached skill level 3 in Staves
   153 | D:2      | Killed Jessica
   154 | D:2      | Reached XP level 3. HP: 20/27 MP: 3/3
   274 | D:2      | Noticed Terence
   288 | D:2      | Killed Terence
   289 | D:2      | Reached XP level 4. HP: 32/33 MP: 4/4
   307 | D:2      | Got the Spellbook of the Icy Storm
   544 | D:2      | Noticed Sigmund
   554 | D:2      | Killed Sigmund
   555 | D:2      | Reached skill level 4 in Staves
   555 | D:2      | Reached skill level 1 in Armour
   555 | D:2      | Gained mutation: Spells you cast may paralyse adjacent
                  | enemies. [demonic ancestry]
   555 | D:2      | Reached XP level 5. HP: 14/39 MP: 5/5
  1051 | D:1      | Found a faded altar of an unknown god.
  1244 | D:3      | Noticed Ijyb
  1258 | D:3      | Killed Ijyb
  1259 | D:3      | Gained mutation: A meltable shield of frost defends you.
                  | (SH +4) [demonic ancestry]
  1259 | D:3      | Reached XP level 6. HP: 44/46 MP: 6/6
  1297 | D:3      | Found a glowing drain.
  1339 | Sewer    | Entered a sewer
  1368 | Sewer    | Reached skill level 5 in Staves
  2075 | D:3      | Gained mutation: You are partially covered in icy blue
                  | scales. (AC +2) [demonic ancestry]
  2075 | D:3      | Reached XP level 7. HP: 52/52 MP: 7/7
  2107 | D:3      | Found a runed translucent door.
  2108 | D:3      | Noticed Crazy Yiuf
  2683 | D:3      | Killed Crazy Yiuf
  2856 | D:4      | Found a basalt altar of Yredelemnul.
  2915 | D:4      | Found a staircase to the Ecumenical Temple.
  2947 | Temple   | Entered the Ecumenical Temple
  2958 | Temple   | Became a worshipper of Warmaster Okawaru
  3046 | D:4      | Found a runed translucent door.
  3048 | D:4      | Noticed Fodor's ghost (amateur MiFi)
  3305 | D:4      | Found an opulent altar of Gozag.
  3338 | D:4      | Found a shadowy altar of Dithmenos.
  3364 | D:4      | Reached skill level 6 in Staves
  4027 | D:5      | Entered Level 5 of the Dungeon
  4066 | D:5      | Reached skill level 1 in Shields
  4176 | D:5      | Reached XP level 8. HP: 58/60 MP: 8/8
  4254 | D:5      | Reached * piety under Okawaru
  4428 | D:5      | Found Tamugus's Lightly-Used Armoury.
  4842 | D:5      | Reached skill level 5 in Armour
  5022 | D:6      | Found a sand-covered staircase.
  5071 | D:6      | HP: 1/50 [wight/+2 long sword of freezing (4)]
  5072 | D:6      | Slain by a wight

Illustrated notes

Levels and vault maps discovered:
D:1:      erik_arrival_blinker_ship, layout_rooms,
          hellmonk_ecumenical_altar_run_dry
D:2:      layout_rooms, basic_altar, uniq_sigmund, uniq_jessica, uniq_terence
D:3:      minmay_chambers_of_threes, layout_loops_ring, portal_sewer_entry_b,
          uniq_crazy_yiuf_cottage, uniq_ijyb
D:4:      layout_cave_pods, mainiacjoe_overflow_alcove_4,
          mainiacjoe_overflow_small_starburst, mainiacjoe_overflow_tiny_flanked,
          minmay_temple_entry_water_ring, ebering_ghost_inner_flame
D:5:      layout_rooms, minivault_11, minmay_shop_damaged
D:6:      layout_loops_ring, gup_ossuary_entry_pyramid,
          kennysheep_generic_room_5, uniq_pikel, uniq_prince_ribbit1,
          uniq_duvessa
Temple:   minmay_freezing_vapour_temple

Skill      XL: |  1  2  3  4  5  6  7  8 |
---------------+-------------------------+-----
Dodging        | 3 4 |  4.1
Staves         | 3 4 5 6 |  6.9
Throwing       | 2 |  2.1
Armour         | 1 2 4 5 |  5.0
Fighting       | 3 4 |  4.5
Shields        | 1 2 |  2.0
Stealth        | |  0.4
Invocations    | |  0.3

Action                     |  1- 3 |  4- 6 |  7- 9 || total
---------------------------+-------+-------+-------++-------
  Melee: Quarterstaff      |    46 |   182 |   197 ||   425
         Headbutt          |     3 |    25 |    34 ||    62
  Throw: Throwing net      |     3 |       |       ||     3
 Invoke: Heroism           |       |       |     2 ||     2
    Use: Scroll            |       |       |    18 ||    18
         Potion            |       |       |     1 ||     1
 Armour: Chain mail        |    33 |   102 |   107 ||   242
  Dodge: Dodged            |    23 |    91 |   112 ||   226
  Block: Other             |       |    36 |    25 ||    61
